 Dungeon Crawl Stone Soup version 0.14-a0-1721-g84c87b2 (webtiles) character file.

66 Psiweapon the Sneak (level 3, 0/23 HPs)
             Began as an Octopode Artificer on Jan 2, 2014.
             Slain by a big fish (2 damage)
             ... in a sewer.
             The game lasted 00:06:35 (1430 turns).

Psiweapon the Sneak (Octopode Artificer)            Turns: 1430, Time: 00:06:35

HP   0/23        AC  1     Str 10      XL: 3   Next: 70%
MP   4/4         EV 13     Int 14      God:
Gold 19          SH  0     Dex 13      Spells:  0 memorised,  2 levels left

rFire  . . .     SeeInvis .     k - +0 sling
rCold  . . .     Clarity  .     (no shield)
rNeg   . . .     Conserve .     (helmet restricted)
rPois  .         rCorr    .     (no amulet)
rElec  .         rRot     .     p - ring of sustain abilities {unknown}
SustAb + .       Spirit   .     (no ring)
rMut   .         Warding  .     (no ring)
Saprov . . .     Stasis   .     (no ring)
                                (no ring)
                                (no ring)
                                (no ring)
                                (no ring)

@: not resistant to hostile enchantments, quite stealthy
A: almost no armour, amphibious, 8 rings, constrict 8, camouflage 1, gelatinous
body 1
a: no special abilities


You were in a sewer.
You were hungry.

You visited 1 branch of the dungeon, and saw 3 of its levels.
You also visited: Sewer.

You collected 19 gold pieces.

Inventory:

Hand weapons
 a - a +0,+0 short sword
 g - a +0,+0 dagger
 k - a +0,+0 sling (weapon)
Missiles
 l - 27 stones (quivered)
 q - 22 arrows
 v - 18 sling bullets
 y - 17 poisoned needles
Armour
 t - a +0 elven scale mail
Magical devices
 b - a wand of flame (14)
 c - a wand of enslavement (11)
 d - a wand of random effects (15)
Comestibles
 f - 2 bread rations
 o - a beef jerky
 s - a rotting chunk of goblin flesh
 x - a chunk of grey rat flesh
 z - a chunk of grey rat flesh
Scrolls
 e - a scroll of magic mapping {unknown}
 i - 2 scrolls of curse jewellery {unknown}
 j - 2 scrolls of identify {unknown}
 r - a scroll of remove curse {unknown}
 u - a scroll of curse weapon {unknown}
 w - a scroll of fear {unknown}
Jewellery
 p - a ring of sustain abilities (left tentacle) {unknown}
Potions
 h - a potion of lignification {unknown}
 m - a potion of speed {unknown}
 n - a potion of curing {unknown}


   Skills:
 - Level 1.0 Fighting
 - Level 1.0 Short Blades
 + Level 2.9 Dodging
 + Level 3.9 Stealth
 - Level 3.2 Evocations


You had 2 spell levels left.
You didn't know any spells.

Dungeon Overview and Level Annotations

Branches:
Dungeon (3/16)

Altars:
Fedhas


Innate Abilities, Weirdness & Mutations

You cannot wear most types of armour.
You are amphibious.
You can wear up to eight rings at the same time.
You can use your tentacles to constrict many enemies at once.
Your skin changes colour to match your surroundings (Stlth).
Your rubbery body absorbs attacks (AC +1).


Message History

The kobold hits your big kobold with a short sword.
Your big kobold hits the kobold but does no damage.
The kobold misses your big kobold.
Wield which item (- for none, * to show all)? (? for menu, Esc to quit)
k - a +0,+0 sling (weapon)
Your big kobold closely misses the kobold.
Firing (i - inventory. (,) - cycle):
l - 28 stones (quivered)
Press: ? - help, Shift-Dir - straight line, f/p - kobold
Aim: a kobold, wielding a short sword You shoot a stone.
The stone hits the kobold.
You kill the kobold!
You hear a splash.
The big fish barely misses you.
Evoke which item? (* to show all) (? for menu, Esc to quit)
Zapping:
c - a wand of enslavement (12)
Press: ? - help, Shift-Dir - straight line, f - big fish
Aim: a big fish (moderately wounded)
The big fish resists with significant effort.
This wand has 11 charges left.
The big fish bites you.
You die...

## ############ ∩# ##.
#.......≈..###.##
K....#..≈≈≈%.≈≈≈......#
...#.≈≈≈≈≈≈≈≈≈≈≈≈≈≈≈≈
....≈≈≈≈≈≈≈≈≈≈≈≈≈≈≈≈≈
..#((≈≈≈≈≈≈≈≈≈≈≈≈≈≈≈≈
#.%(≈;≈)≈≈.≈.≈...#
#.≈(KK@≈≈≈≈#######
#########≈## #≈# #≈#
#≈# #≈# #≈# #≈# #≈#


You could see a big fish, a kobold and a friendly big kobold.

Vanquished Creatures
  3 grey rats (Sewer)
  A giant gecko (D:1)
  7 bats
  4 giant cockroaches
  A hobgoblin (D:1)
  2 giant newts (D:1)
  6 goblins
  2 kobolds (Sewer)
  2 rats (Sewer)
28 creatures vanquished.

Vanquished Creatures (collateral kills)
  A green rat (D:3)
  2 grey rats (D:3)
  2 kobolds (Sewer)
5 creatures vanquished.

Grand Total: 33 creatures vanquished

Notes
Turn   | Place    | Note
--------------------------------------------------------------
     0 | D:1      | Psiweapon, the Octopode Artificer, began the quest for the Orb.
     0 | D:1      | Reached XP level 1. HP: 13/13 MP: 1/1
   195 | D:2      | Found a blossoming altar of Fedhas.
   429 | D:1      | Reached XP level 2. HP: 11/18 MP: 3/3
  1184 | D:3      | Reached XP level 3. HP: 23/23 MP: 4/4
  1218 | D:3      | Found a glowing drain.
  1228 | Sewer    | Entered a sewer
  1393 | Sewer    | Noticed a big kobold
  1423 | Sewer    | HP: 1/23 [kobold/ dart (2)]
  1430 | Sewer    | Slain by a big fish

Action                   || total
-------------------------++-------
Melee: Dagger            ||    46
       Short sword       ||    18
 Fire: Sling             ||    30
Evoke: Wand              ||     5
 Stab: Sleeping          ||     4
